 Dungeon Crawl Stone Soup version 0.18.1-48-g4cf74bf (webtiles) character file.

11116 HAL9000j the Covert (level 11, -2/67 HPs)
             Began as a Gargoyle Fighter on July 9, 2016.
             Was a Priest of Qazlal.
             Slain by a seven-headed hydra (6 damage)
             ... on level 2 of the Lair of Beasts.
             The game lasted 01:16:55 (11164 turns).

HAL9000j the Covert (Gargoyle Fighter)             Turns: 11164, Time: 01:16:56

Health: -2/67      AC: 19    Str: 21    XL:     11   Next: 72%
Magic:  18/18      EV:  8    Int: 10    God:    Qazlal [***...]
Gold:   463        SH: 16    Dex: 10    Spells: 0 memorised, 20 levels left

rFire  . . .     SeeInvis .     E - +1 whip (elec)
rCold  . . .     Gourm    .     b - +0 scale mail
rNeg   + . .     Faith    .     c - +0 shield
rPois  ∞         Spirit   .     (no helmet)
rElec  +         Dismiss  .     (no cloak)
rCorr  .         Reflect  +     x - +0 pair of gloves
SustAt +         Harm     .     I - +1 pair of boots
MR     .....     Rnd*Rage +     v - +2 amulet of reflection
Stlth  ++........               (no ring)
                                k - ring of sustain attributes

@: not resistant to hostile enchantments, unstealthy
A: talons 1, berserk 1, negative energy resistance 1, electricity resistance,
unbreathing, petrification resistance, rot immunity, AC +7
a: Upheaval, Elemental Force, Renounce Religion


You were on level 2 of the Lair of Beasts.
You worshipped Qazlal.
Qazlal was most pleased with you.
You were not hungry.

You visited 3 branches of the dungeon, and saw 11 of its levels.

You collected 463 gold pieces.

Inventory:

Hand Weapons
 a - a +0 war axe
 i - a +0 shortbow
 r - a +0 hunting sling
 B - a +0 blowgun
 E - a +1 whip of electrocution (weapon)
 H - a +0 great sword
 J - a +0 spear of freezing
 S - a +0 scimitar of flaming
Missiles
 h - 44 poisoned needles
 j - 6 curare-tipped needles
 m - 2 needles of frenzy
 n - 223 arrows
 t - 29 bolts
 C - a tomahawk (quivered)
 P - 43 sling bullets
 U - 2 javelins
Armour
 b - a +0 scale mail (worn)
 c - a +0 shield (worn)
 x - a +0 pair of gloves (worn)
 A - a +0 ring mail
 I - a +1 pair of boots (worn)
 K - a +0 chain mail
Jewellery
 k - a ring of sustain attributes (left hand)
 v - a +2 amulet of reflection (around neck)
Wands
 e - a wand of slowing (26/48)
 s - a wand of flame (22/48)
 u - a wand of lightning (6/15)
 L - a wand of acid (6/15)
 M - a wand of enslavement (14/24)
 O - a wand of digging (16/24)
 R - a wand of acid (9/15)
Scrolls
 l - a scroll of amnesia
 p - a scroll of fear
 w - a scroll of enchant weapon
 y - 6 scrolls of remove curse
 G - 3 scrolls of identify
 N - 2 scrolls of magic mapping
 Q - a scroll of enchant armour
Potions
 q - a potion of lignification
 z - 2 potions of brilliance
 V - a potion of agility
Books
 o - a book of Misfortune

   Spells                             Type                      Level
   a - Confusing Touch                Hexes                        2
   b - Confuse                        Hexes                        3
   c - Gell's Gravitas                Hexes/Translocation          3
   d - Petrify                        Transmutation/Earth          4
   e - Metabolic Englaciation         Hexes/Ice                    5
   f - Yara's Violent Unravelling     Hexes/Transmutation          5
 D - a book of Transfigurations

   Spells                             Type                      Level
   a - Irradiate                      Conjuration/Transmutation    5
   b - Statue Form                    Transmutation/Earth          6
   c - Hydra Form                     Transmutation                6
   d - Dragon Form                    Transmutation                7
Miscellaneous
 T - a box of beasts
Comestibles
 f - 10 bread rations
 F - 3 meat rations


   Skills:
 + Level 7.4 Fighting
 - Level 4.7(5.5) Axes
 + Level 4.8(5.9) Maces & Flails
 - Level 3.5(4.9) Slings
 + Level 5.2(5.8) Throwing
 + Level 7.4 Armour
 * Level 9.8 Stealth
 + Level 7.2 Shields
 + Level 5.1 Spellcasting
 + Level 5.1 Invocations


You had 20 spell levels left.
You didn't know any spells.

Dungeon Overview and Level Annotations

Branches:
Dungeon (8/15)             Temple (1/1) D:4            Lair (2/8) D:8

Altars:
Ashenzari
Cheibriados
Dithmenos
Elyvilon
Gozag
Kikubaaqudgha
Makhleb
Nemelex Xobeh
Okawaru
Pakellas
Qazlal
Ru
Vehumet
Xom
Yredelemnul
Zin
The Shining One

Shops:
D:5 }[(}=

Annotations:
D:6 exclusion: oklob plant


Innate Abilities, Weirdness & Mutations

You are resistant to torment.
Your stone body is resilient (AC +7).
You are immune to poison.
You resist negative energy.
You are resistant to electric shocks.
You can survive without breathing.
You are immune to petrification.
You are immune to rotting.
You have sharp toenails.
You tend to lose your temper in combat.


Message History

You block the seven-headed hydra's attack.
The seven-headed hydra bites you!
* * * LOW HITPOINT WARNING * * *
The seven-headed hydra bites you.
* * * LOW HITPOINT WARNING * * *
The seven-headed hydra barely misses you.
You block the seven-headed hydra's attack.
The seven-headed hydra bites you but does no damage.
The seven-headed hydra bites you!
* * * LOW HITPOINT WARNING * * *
Read which item? (? for menu, Esc to quit)
Okay, then.
The seven-headed hydra bites you.
* * * LOW HITPOINT WARNING * * *
You block the seven-headed hydra's attack.
The seven-headed hydra barely misses you.
You block the seven-headed hydra's attack. x2
The seven-headed hydra bites you but does no damage.
The seven-headed hydra bites you.
You die...

## #### ####.## ########.#.#
♣##.###.#####.##P.#.#..##
♣.......................# ≈
♣....†.##...............# ≈≈P
♣......##.#..§.........P#
≈≈≈≈♣.......##.@.†....(...#
≈≈≈≈........#(§§D.†(.....##
PPPP...........^.........####
≈P≈≈.......................P##
≈≈≈P....#..........(.........#
≈≈≈P...........#...(........##
.≈≈≈.......######...(.(....##
.......#...# ####((..(..##
....... ..## #........#


You could see a seven-headed hydra.

Vanquished Creatures
  A hydra (Lair:1)
  Erica (Lair:1)
  Urug (Lair:1)
  Nergalle (D:8)
  Pikel (D:4)
  The ghost of meme the Thaumaturge, a novice DEAE of Vehumet (D:8)
  The ghost of theElss the Thaumaturge, a novice HECj (D:5)
  2 spiny frogs
  A komodo dragon (Lair:1)
  A rime drake (Lair:1)
  5 blink frogs (Lair:2)
  A wyvern (D:8)
  4 hippogriffs
  Eustachio (D:5)
  4 porcupines
  An orc warrior (D:5)
  A water moccasin (Lair:1)
  An ice beast (D:8)
  A sky beast (D:5)
  An eye of draining (D:8)
  2 phantoms
  2 black bears
  A necrophage (D:7)
  6 ogres
  2 centaurs
  2 crocodiles (Lair:1)
  A giant frog (D:6)
  2 scorpions
  18 killer bees
  5 wights (D:8)
  4 howler monkeys
  2 crimson imps
  A giant frog zombie (D:8)
  A quasit (D:7)
  A wasp zombie (D:5)
  4 hounds
  3 giant frog skeletons
  A centaur skeleton (D:4)
  3 jellies
  Ijyb (D:3)
  4 iguanas
  An orc wizard (D:8)
  4 worker ants
  4 sheep (Lair:1)
  5 adders
  4 gnolls (D:6)
  A howler monkey skeleton (D:7)
  17 river rats (Lair:1)
  A shadow imp (D:6)
  3 worms
  2 dart slugs
  6 giant geckos
  11 orcs
  5 bats
  6 giant cockroaches
  12 goblins
  7 hobgoblins
  9 jackals
  3 quokkas
  A giant gecko skeleton (D:5)
  3 giant newts
  A jackal zombie (D:6)
  11 kobolds
  2 quokka skeletons (D:7)
  7 rats
  2 plants (Lair:1)
225 creatures vanquished.

Vanquished Creatures (others)
  A centaur (D:6)
  A kobold (D:3)
  A fungus (Lair:1)
3 creatures vanquished.

Grand Total: 228 creatures vanquished

Notes
Turn   | Place    | Note
--------------------------------------------------------------
     0 | D:1      | HAL9000j the Gargoyle Fighter began the quest for the Orb.
     0 | D:1      | Reached XP level 1. HP: 14/14 MP: 1/1
    98 | D:1      | Reached XP level 2. HP: 19/19 MP: 2/2
   161 | D:1      | Reached skill level 1 in Stealth
   326 | D:1      | Reached XP level 3. HP: 23/23 MP: 3/3
   722 | D:2      | Found a sparkling altar of Nemelex Xobeh.
  1341 | D:2      | Found a snail-covered altar of Cheibriados.
  1394 | D:2      | Reached XP level 4. HP: 28/28 MP: 5/5
  1454 | D:3      | Reached skill level 1 in Spellcasting
  1642 | D:3      | Reached skill level 2 in Stealth
  1715 | D:3      | Noticed Ijyb
  1731 | D:3      | Killed Ijyb
  1731 | D:3      | Reached skill level 1 in Slings
  1731 | D:3      | Reached XP level 5. HP: 33/33 MP: 5/7
  2368 | D:4      | Found a staircase to the Ecumenical Temple.
  2417 | Temple   | Entered the Ecumenical Temple
  2477 | Temple   | Became a worshipper of Qazlal Stormbringer
  2679 | D:4      | Noticed Pikel
  2680 | D:4      | Noticed a slave
  2681 | D:4      | Noticed a slave
  2683 | D:4      | Noticed a slave
  2686 | D:4      | Noticed a slave
  2710 | D:4      | Killed Pikel
  2710 | D:4      | Reached skill level 4 in Stealth
  2710 | D:4      | Reached XP level 6. HP: 27/39 MP: 7/9
  2710 | D:4      | Reached XP level 7. HP: 30/44 MP: 7/10
  3383 | D:5      | Entered Level 5 of the Dungeon
  3406 | D:5      | Reached XP level 8. HP: 45/48 MP: 11/11
  3496 | D:5      | Noticed theElss's ghost (novice HECj)
  3499 | D:5      | Gained mutation: You have sharp toenails. [potion of mutation]
  3499 | D:5      | Gained mutation: You tend to lose your temper in combat. [potion of mutation]
  3513 | D:5      | Killed theElss's ghost
  3513 | D:5      | Reached skill level 1 in Maces & Flails
  3513 | D:5      | Reached skill level 5 in Stealth
  3513 | D:5      | Reached skill level 1 in Invocations
  3528 | D:5      | Reached skill level 5 in Fighting
  3745 | D:5      | Found Baphi's Gadget Boutique.
  3792 | D:5      | Found Mauginut's Armour Emporium.
  3801 | D:5      | Noticed Eustachio
  3831 | D:5      | Killed Eustachio
  3912 | D:5      | Found Mumel's Weapon Shop.
  3985 | D:5      | Found Awikh's Gadget Emporium.
  4112 | D:5      | Found Caotoog's Jewellery Boutique.
  4393 | D:6      | Found a radiant altar of Vehumet.
  4474 | D:6      | Reached skill level 5 in Armour
  4474 | D:6      | Reached XP level 9. HP: 46/54 MP: 13/13
  4612 | D:6      | Reached skill level 5 in Shields
  4615 | D:6      | Found a snail-covered altar of Cheibriados.
  4666 | D:6      | Reached * piety under Qazlal
  4999 | D:6      | Noticed an oklob plant
  5542 | D:6      | Reached skill level 6 in Stealth
  5684 | D:6      | HP: 1/54 [killer bee (6)]
  6766 | D:7      | Found an iron altar of Okawaru.
  6863 | D:7      | Reached XP level 10. HP: 56/60 MP: 13/15
  7016 | D:7      | Reached ** piety under Qazlal
  7016 | D:7      | Reached skill level 7 in Stealth
  7517 | D:8      | Noticed meme's ghost (novice DEAE)
  7543 | D:8      | Killed meme's ghost
  8090 | D:8      | Found an opulent altar of Gozag.
  8274 | D:8      | Found a staircase to the Lair.
  8282 | Lair:1   | Entered Level 1 of the Lair of Beasts
  8407 | Lair:1   | Reached skill level 8 in Stealth
  8409 | Lair:1   | Noticed Erica
  8425 | Lair:1   | Killed Erica
  8745 | Lair:1   | Reached XP level 11. HP: 61/66 MP: 17/17
  8764 | Lair:1   | Noticed Urug
  8782 | Lair:1   | Killed Urug
  9188 | Lair:1   | Noticed Nergalle
  9207 | Lair:1   | Noticed a four-headed hydra
  9304 | D:8      | Reached *** piety under Qazlal
  9304 | D:8      | Reached skill level 9 in Stealth
  9634 | Lair:1   | Killed a four-headed hydra
 10050 | D:8      | Killed Nergalle
 10050 | D:8      | Reached skill level 5 in Throwing
 10050 | D:8      | Reached skill level 5 in Invocations
 10832 | Lair:2   | Reached skill level 5 in Spellcasting
 11151 | Lair:2   | Noticed a seven-headed hydra
 11164 | Lair:2   | Slain by a seven-headed hydra

Skill      XL: |  1  2  3  4  5  6  7  8  9 10 11 |
---------------+----------------------------------+-----
Stealth        | 1 2 4 5 6 8 9 |  9.8
Axes           | 2 3 4 |  4.7
Spellcasting   | 1 2 3 4 5 |  5.1
Slings         | 1 2 3 |  3.5
Fighting       | 4 5 6 7 |  7.4
Throwing       | 2 3 4 5 |  5.2
Armour         | 4 5 6 7 |  7.4
Shields        | 4 5 6 7 |  7.2
Maces & Flails | 1 3 4 |  4.8
Invocations    | 2 3 4 5 |  5.1

Action                   |  1- 3 |  4- 6 |  7- 9 | 10-12 || total
-------------------------+-------+-------+-------+-------++-------
Melee: War axe           |   139 |   111 |    13 |       ||   263
       Whip              |       |       |   274 |   507 ||   781
 Fire: Hunting sling     |    15 |    51 |    41 |     6 ||   113
       Blowgun           |       |       |    36 |    76 ||   112
Throw: Tomahawk          |       |       |    11 |    10 ||    21
       Javelin           |       |       |       |    11 ||    11
Evoke: Wand              |       |       |    11 |     9 ||    20
  Use: Scroll            |     6 |       |    11 |     6 ||    23
       Potion            |       |       |    13 |     1 ||    14
 Stab: Invisible         |       |       |     6 |       ||     6
  Eat: Chunk             |     2 |     4 |     5 |     5 ||    16
       Royal jelly       |       |       |     1 |       ||     1
       Pizza             |       |       |     1 |       ||     1
       Fruit             |       |       |    10 |    11 ||    21
       Beef jerky        |       |       |       |     2 ||     2
Armor: Scale mail        |    87 |    64 |   114 |   267 ||   532
       Ring mail         |       |       |    49 |       ||    49
       Skin              |       |       |    29 |       ||    29
Dodge: Dodged            |    59 |    31 |   102 |   129 ||   321
Block: Shield            |    79 |    59 |   282 |   495 ||   915
       Reflection        |       |     6 |     6 |     7 ||    19
